 Dungeon Crawl Stone Soup version 0.31-a0-232-gb1c03b2570 (webtiles) character file.

Game seed: 5082263618674045150

28 protoss039 the Digger (level 3, 26/26 HPs)
             Began as a Demonspawn Earth Elementalist on July 7, 2023.
             Got out of the dungeon alive.
             The game lasted 00:01:35 (809 turns).

protoss039 the Digger (DsEE)                         Turns: 809, Time: 00:01:36

Health: 26/26      AC:  3    Str:  8    XL:     3   Next: 0%
Magic:  6/6        EV: 12    Int: 20    God:
Gold:   32         SH:  0    Dex: 13    Spells: 5/6 levels left

rFire   . . .        l - +0 short sword (venom)
rCold   . . .        (no shield)
rNeg    . . .        a - +0 robe
rPois   .            (no helmet)
rElec   .            (no cloak)
rCorr   .            e - +0 pair of gloves
SInv    .            (no boots)
Will    .....        (no amulet)
Stlth   ++           (no ring)
HPRegen 0.24/turn    (no ring)
MPRegen 0.10/turn

%: no passive effects
@: no status effects
A: demonic guardian 1, big brain 1
a: no special abilities


You escaped.
You visited 1 branch of the dungeon, and saw 1 of its levels.

You collected 32 gold pieces.

Inventory:

Hand Weapons
 l - a +0 short sword of venom (weapon)
Armour
 a - a +0 robe (worn)
 e - a +0 pair of gloves (worn)
Magical Staves
 k - a staff of fire
Scrolls
 c - a scroll of identify {unknown}
 d - 2 scrolls of summoning {unknown}
 f - a scroll of revelation {unknown}
 g - a scroll of enchant armour {unknown}
 h - a scroll of noise {unknown}
 i - a scroll of teleportation {unknown}
Potions
 b - a potion of magic
 j - a potion of heal wounds {unknown}


   Skills:
 + Level 1.4 Fighting
 - Level 1.7 Dodging
 - Level 1.7 Stealth
 + Level 2.4 Spellcasting
 - Level 0.8 Transmutations
 + Level 3.1 Earth Magic


You had 5 spell levels left.
You knew the following spells:

 Your Spells              Type           Power      Damage    Failure   Level
a - Sandblast             Erth           28%        2d8       4%          1

Your spell library contained the following spells:

 Spells                   Type           Power      Damage    Failure   Level
 Passwall                 Tmut/Erth      8%         N/A       10%         2
 Kiss of Death            Conj/Necr      8%         2d6       16%         1
 Stone Arrow              Conj/Erth      16%        3d8       24%         3
 Confusing Touch          Hex            2%         N/A       41%         3
 Petrify                  Tmut/Erth      10%        N/A       54%         4
 Dispel Undead            Necr           2%         3d7       83%         4


Dungeon Overview and Level Annotations

Branches:
Dungeon (1/15) Zot: 5170

Altars:

Shops:
D:1 ??((


Innate Abilities, Weirdness & Mutations

A weak demonic guardian rushes to your aid.
You have an unusually large brain. (Int +2)


Message History

Aim: an endoplasm (98% to hit)
The blast of sand hits the endoplasm!
You kill the endoplasm!
Unknown command.
d - 2 scrolls labelled DEHOUTTAUG (gained 1)
h - a scroll labelled ESYJORI HIRIL You enter the shallow water.
Moving in this stuff is going to be slow.
A ball python comes into view.
A ball python is nearby!
A ball python is nearby!
A ball python is nearby!
No reachable target in view!
Casting: Sandblast (safe; 4% risk of failure)
Confirm with . or Enter, or press ? or * to list all spells.
You don't know that spell.
Unknown command.
Your unstable footing causes you to fumble your attack.
The ball python hisses angrily.
Your unstable footing causes you to fumble your attack.
Casting: Sandblast (safe; 4% risk of failure)
Confirm with . or Enter, or press ? or * to list all spells.
Aiming: Sandblast (safe; 4% risk of failure)
Press: ? - help, Shift-Dir - straight line, f - ball python
Aim: a ball python (water, 80% to hit)
The blast of sand hits the ball python!
You kill the ball python!
You have reached level 3!
Your experience leads to an increase in your attributes!
Increase (S)trength, (I)ntelligence, or (D)exterity?
You feel clever. x2; Your demonic ancestry asserts itself...
You feel the presence of a demonic guardian.
Unknown command.
Things that are here:
a +0 club; a goblin corpse; a hobgoblin corpse You enter the shallow water.
Moving in this stuff is going to be slow.
There is a staircase leading out of the dungeon here.
Are you sure you want to leave the Dungeon?
This will make you lose the game!
You have escaped!

### ##..#####..........#
##....##.......###########
##♣.)##....####(........###
#...##...##...............
#∩.♣##..........⌠...⌠...(.
######..##...⌠.........⌠..
#########......#.........≈.......
#..........##..#...⌠...........⌠.
##..######.#...#@.....≈.....≈....
##.>### #....^#...⌠....[......⌠.
......## #...###..(......≈.......
#...#..###.#.####...⌠.........⌠..
.#.#.......#..##.......⌠...⌠.....
..∩...##.####.####...............
.#.#..##.# #.# ####.........###
#...#....# #.# ##############
......#### #.## #.............


There were no monsters in sight!

Vanquished Creatures
  2 ball pythons (D:1)
  3 endoplasms (D:1)
  2 goblins (D:1)
  6 hobgoblins (D:1)
  4 kobolds (D:1)
  3 quokkas (D:1)
  A bat (D:1)
  2 rats (D:1)
23 creatures vanquished.

Notes
Turn   | Place    | Note
-------+----------+-------------------------------------------
     0 | D:1      | protoss039 the Demonspawn Earth Elementalist began the
                  | quest for the Orb.
     0 | D:1      | Reached XP level 1. HP: 13/13 MP: 3/3
    71 | D:1      | Found Plog's Weapon Boutique.
   184 | D:1      | Found Ytsio's Magic Scroll Boutique.
   240 | D:1      | Gained mutation: You have an unusually large brain. (Int
                  | +2) [demonic ancestry]
   240 | D:1      | Reached XP level 2. HP: 15/20 MP: 0/5
   331 | D:1      | Reached skill level 1 in Fighting
   402 | D:1      | Reached skill level 3 in Earth Magic
   507 | D:1      | Found Iggosat's Magic Scroll Shoppe.
   585 | D:1      | Found Qickaisu's Antique Weapon Emporium.
   781 | D:1      | Gained mutation: A weak demonic guardian rushes to your
                  | aid. [demonic ancestry]
   781 | D:1      | Reached XP level 3. HP: 26/26 MP: 4/6
   809 | D:$      | Got out of the dungeon alive.

Illustrated notes

Levels and vault maps discovered:
D:1:      dpeg_arrival_stone_temple_mockup, layout_rooms, serial_shops,
          nicolae_shop_pleasant_corner_grove, shop, nicolae_shop_hallway_stairs,
          nicolae_shop_advertising_works [nicolae_subvault_shop_adworks],
          serial_bayou_lake_a

Skill      XL: |  1  2 |
---------------+-------+-----
Fighting       | 1 |  1.4
Earth Magic    | 3 |  3.1
Dodging        | |  1.7
Stealth        | |  1.7
Spellcasting   | |  2.4
Transmutations | |  0.8

Action                     || total
---------------------------++-------
  Melee: Dagger            ||    35
         Short sword       ||     3
   Cast: Sandblast         ||    26
   Stab: Sleeping          ||     1
 Armour: Robe              ||    10
  Dodge: Dodged            ||    30

Table legend: (Time is in decaauts)
 A = Elapsed time spent in this place.
 B = Non-inter-level travel time spent in this place.
 C = Inter-level travel time spent in this place.
 D = Time resting spent in this place.
 E = Time spent auto-exploring this place.
 F = Levels seen in this place.
 G = Mean time per level.
                   A        B        C        D        E       F      G
               +--------+--------+--------+--------+--------+-----+--------+
         Total |    829 |    795 |     34 |      0 |    622 |   1 |  829.0 |
       Dungeon |    829 |    795 |     34 |      0 |    622 |   1 |  829.0 |
               +--------+--------+--------+--------+--------+-----+--------+

Top non-repeatable levels by time:
     D:1: 829 daAuts
